MLB
MINNESOTA TWINS @ BOSTON RED SOX
09/07/2098
 
TOP OF THE 1ST
Minnesota Twins batting - Pitching for Boston Red Sox : RHP Francisco Quintanilla
Pitching: RHP Francisco Quintanilla
Batting: RHB Rogelio Rivera 0-0: Ball
1-0: Ball
2-0: Ball
3-0: SINGLE (Groundball, 6MD, EV 103.1 MPH)
Batting: SHB Jim Whitlock 0-0: Called Strike
0-1: Ball
Rogelio Rivera is caught stealing 2nd base 2-6
1-1: Called Strike
1-2: Ground out 6-3 (Groundball, 6, EV 88.1 MPH)
Batting: SHB William Maki 0-0: Swinging Strike
0-1: Ball
1-1: Called Strike
1-2: Strikes out swinging
Top of the 1st over - 0 runs, 1 hit, 0 errors, 0 left on base; Minnesota 0 - Boston 0
BOTTOM OF THE 1ST
Boston Red Sox batting - Pitching for Minnesota Twins : LHP Jon Meger
Pitching: LHP Jon Meger
Batting: LHB Marquise Woods 0-0: Called Strike
0-1: Ball
1-1: Ball
2-1: Swinging Strike
2-2: Ball
3-2: Ground out U3 (Groundball, 3L, EV 85.0 MPH)
Batting: SHB Tyler Den Hartog 0-0: Ball
1-0: Foul Ball, location: 2F
1-1: Ball
2-1: SINGLE (Groundball, 56D, EV 94.4 MPH)
Batting: LHB Michael Lindstrom 0-0: Called Strike
0-1: Ball
1-1: Foul Ball, location: 2F
1-2: Ball
2-2: Strikes out swinging
Batting: RHB Joe Fowler 0-0: Called Strike
0-1: Ball
Wild Pitch!
Tyler Den Hartog to second
1-1: Called Strike
1-2: Foul Ball, location: 9LMFF
1-2: Ball
2-2: Foul Ball, location: 23F
2-2: Foul Ball, location: 2F
2-2: Ball
3-2: Foul Ball, location: 9LSF
3-2: Fly out, F4 (Popup, 13, EV 73.1 MPH)
Bottom of the 1st over - 0 runs, 1 hit, 0 errors, 1 left on base; Minnesota 0 - Boston 0
TOP OF THE 2ND
Minnesota Twins batting - Pitching for Boston Red Sox : RHP Francisco Quintanilla
Batting: RHB Bill Widby 0-0: Foul Ball, location: 9LDF
0-1: Foul Ball, location: 7LDF
0-2: DOUBLE (Flyball, 8RXD, EV 110.6 MPH)
Batting: SHB Dan Mayes 0-0: Called Strike
0-1: Ball
1-1: Foul Ball, location: 7LSF
1-2: Strikes out swinging
Batting: LHB Jay Molteni 0-0: Ball
1-0: Called Strike
1-1: Called Strike
1-2: Ball
2-2: Ball
3-2: Foul Ball, location: 2RF
3-2: Fly out, F6 (Popup, 6S, EV 68.1 MPH)
Batting: LHB Dan Barker 0-0: Ground out 6-3 (Groundball, 6, EV 104.4 MPH)
Top of the 2nd over - 0 runs, 1 hit, 0 errors, 1 left on base; Minnesota 0 - Boston 0
BOTTOM OF THE 2ND
Boston Red Sox batting - Pitching for Minnesota Twins : LHP Jon Meger
Batting: SHB Alex Salazar 0-0: Called Strike
0-1: Ground out 5-3 (Groundball, 56, EV 87.5 MPH)
Batting: LHB Chris Kautz 0-0: Ball
1-0: Ball
2-0: Ball
3-0: Base on Balls
Batting: LHB Sergio Mejia 0-0: Ball
1-0: Foul Ball, location: 23F
1-1: Ball
2-1: Ball
3-1: Swinging Strike
3-2: Strikes out looking
Batting: RHB Nate Campbell 0-0: Fly out, F4 (Popup, 4, EV 78.1 MPH)
Bottom of the 2nd over - 0 runs, 0 hits, 0 errors, 1 left on base; Minnesota 0 - Boston 0
TOP OF THE 3RD
Minnesota Twins batting - Pitching for Boston Red Sox : RHP Francisco Quintanilla
Batting: RHB Chris Ward 0-0: Ball
1-0: Called Strike
1-1: Called Strike
1-2: Strikes out swinging
Batting: RHB Jake Landen 0-0: Called Strike
0-1: Swinging Strike
0-2: Ball
1-2: Fly out, F9 (Flyball, 9S, EV 86.9 MPH)
Batting: RHB Rogelio Rivera 0-0: Swinging Strike
0-1: Foul Ball, location: 9LMF
0-2: Fly out, F6 (Line Drive, 56D, EV 68.1 MPH)
Top of the 3rd over - 0 runs, 0 hits, 0 errors, 0 left on base; Minnesota 0 - Boston 0
BOTTOM OF THE 3RD
Boston Red Sox batting - Pitching for Minnesota Twins : LHP Jon Meger
Batting: LHB Justin Scappaticci 0-0: Swinging Strike
0-1: Foul Ball, location: 7LSF
0-2: Strikes out swinging
Batting: LHB Marquise Woods 0-0: Called Strike
0-1: Foul Ball, location: 2F
0-2: Foul Ball, location: 2F
0-2: Foul Ball, location: 23F
0-2: Foul Ball, location: 7LDF
0-2: Ball
1-2: Ball
2-2: Strikes out looking
Batting: SHB Tyler Den Hartog 0-0: Ball
1-0: Ball
2-0: Foul Ball, location: 2F
2-1: Foul Ball, location: 2F
2-2: Foul Ball, location: 2F
2-2: Foul Ball, location: 2F
2-2: Ball
3-2: Foul Ball, location: 7LMF
3-2: Foul Ball, location: 5F
3-2: Strikes out swinging
Bottom of the 3rd over - 0 runs, 0 hits, 0 errors, 0 left on base; Minnesota 0 - Boston 0
TOP OF THE 4TH
Minnesota Twins batting - Pitching for Boston Red Sox : RHP Francisco Quintanilla
Batting: SHB Jim Whitlock 0-0: Ball
1-0: SINGLE (Groundball, P, EV 91.9 MPH) (infield hit)
Batting: SHB William Maki 0-0: Ball
1-0: Swinging Strike
1-1: Swinging Strike
1-2: Strikes out looking
Batting: RHB Bill Widby 0-0: Ball
1-0: Ball
Jim Whitlock steals 2nd base
2-0: Ball
3-0: Base on Balls
Batting: SHB Dan Mayes 0-0: Foul Ball, location: 3FF
0-1: Called Strike
0-2: Ball
1-2: Grounds into double play, 6-4-3 (Groundball, 6, EV 88.1 MPH)
Top of the 4th over - 0 runs, 1 hit, 0 errors, 1 left on base; Minnesota 0 - Boston 0
BOTTOM OF THE 4TH
Boston Red Sox batting - Pitching for Minnesota Twins : LHP Jon Meger
Batting: LHB Michael Lindstrom 0-0: Swinging Strike
0-1: Ball
1-1: Foul Ball, location: 2F
1-2: Ball
2-2: Foul Ball, location: 2F
2-2: Ball
3-2: Strikes out swinging
Batting: RHB Joe Fowler 0-0: Called Strike
0-1: Ground out 5-3 (Groundball, 56, EV 80.6 MPH)
Batting: SHB Alex Salazar 0-0: SOLO HOME RUN (Flyball, 7LD, EV 94.4 MPH), Distance : 358 ft
Batting: LHB Chris Kautz 0-0: Ball
1-0: Foul Ball, location: 9LMF
1-1: Ball
2-1: SINGLE (Line Drive, 4M, EV 108.8 MPH)
Batting: LHB Sergio Mejia 0-0: Ground out 4-3 (Groundball, 4, EV 85.6 MPH)
Bottom of the 4th over - 1 run, 2 hits, 0 errors, 1 left on base; Minnesota 0 - Boston 1
TOP OF THE 5TH
Minnesota Twins batting - Pitching for Boston Red Sox : RHP Francisco Quintanilla
Batting: LHB Jay Molteni 0-0: Called Strike
0-1: Ball
1-1: Foul Ball, location: 5SF
1-2: Foul Ball, location: 7LDF
1-2: Ball
2-2: Strikes out swinging
Batting: LHB Dan Barker 0-0: Bunt for hit to 15 - play at first, batter OUT! 1-3
Batting: RHB Chris Ward 0-0: SINGLE (Line Drive, 89M, EV 100.6 MPH)
Batting: RHB Jake Landen 0-0: Called Strike
0-1: Foul Ball, location: 3F
0-2: Strikes out looking
Top of the 5th over - 0 runs, 1 hit, 0 errors, 1 left on base; Minnesota 0 - Boston 1
BOTTOM OF THE 5TH
Boston Red Sox batting - Pitching for Minnesota Twins : LHP Jon Meger
Batting: RHB Nate Campbell 0-0: Called Strike
0-1: Ball
1-1: Ground out 6-3 (Groundball, 6, EV 86.3 MPH)
Batting: LHB Justin Scappaticci 0-0: Called Strike
0-1: Ball
1-1: Ball
2-1: Swinging Strike
2-2: Ball
3-2: Foul Ball, location: 2F
3-2: Base on Balls
Batting: LHB Marquise Woods 0-0: Ball
1-0: Ball
Justin Scappaticci is caught stealing 2nd base 2-6
2-0: Ball
3-0: Base on Balls
Batting: SHB Tyler Den Hartog 0-0: Foul Ball, location: 25F
0-1: Ball
1-1: Swinging Strike
1-2: Foul Ball, location: 25F
1-2: Ball
2-2: Ball
3-2: Strikes out looking
Bottom of the 5th over - 0 runs, 0 hits, 0 errors, 1 left on base; Minnesota 0 - Boston 1
TOP OF THE 6TH
Minnesota Twins batting - Pitching for Boston Red Sox : RHP Francisco Quintanilla
Batting: RHB Rogelio Rivera 0-0: Foul Ball, location: 9LSF
0-1: Called Strike
0-2: Strikes out looking
Batting: SHB Jim Whitlock 0-0: Ground out 6-3 (Groundball, 56, EV 91.3 MPH)
Batting: SHB William Maki 0-0: Foul Ball, location: 2F
0-1: Ground out 4-3 (Groundball, 4, EV 98.8 MPH)
Top of the 6th over - 0 runs, 0 hits, 0 errors, 0 left on base; Minnesota 0 - Boston 1
BOTTOM OF THE 6TH
Boston Red Sox batting - Pitching for Minnesota Twins : LHP Jon Meger
Batting: LHB Michael Lindstrom 0-0: Called Strike
0-1: Ball
1-1: Foul Ball, location: 2F
1-2: Foul Ball, location: 25F
1-2: Strikes out looking
Batting: RHB Joe Fowler 0-0: Swinging Strike
0-1: Swinging Strike
0-2: Foul Ball, location: 2F
0-2: Strikes out swinging, 2-3 out at first.
Batting: SHB Alex Salazar 0-0: Swinging Strike
0-1: Foul Ball, location: 23FF
0-2: Ground out 5-3 (Groundball, 5, EV 86.3 MPH)
Bottom of the 6th over - 0 runs, 0 hits, 0 errors, 0 left on base; Minnesota 0 - Boston 1
TOP OF THE 7TH
Minnesota Twins batting - Pitching for Boston Red Sox : RHP Francisco Quintanilla
Batting: RHB Bill Widby 0-0: Called Strike
0-1: Fly out, F7 (Flyball, 7LMF, EV 76.3 MPH)
Batting: SHB Dan Mayes 0-0: Called Strike
0-1: Ball
1-1: Ball
2-1: Called Strike
2-2: Foul Ball, location: 7LDF
2-2: Strikes out swinging
Batting: LHB Jay Molteni 0-0: Ball
1-0: Ball
2-0: Ball
3-0: Base on Balls
Batting: LHB Dan Barker 0-0: Called Strike
0-1: Called Strike
0-2: Ball
1-2: Ball
2-2: SINGLE (Groundball, 6D, EV 98.8 MPH)
Jay Molteni to second
Pinch Hitting: SHB Marc Sakkal 0-0: Ball
1-0: Foul Ball, location: 7LSF
1-1: Ball
2-1: Called Strike
2-2: Ball
3-2: Base on Balls
Jay Molteni to third
Dan Barker to second
Batting: RHB Jake Landen 0-0: Ball
1-0: Called Strike
1-1: Ground out 5-3 (Groundball, 56, EV 100.6 MPH)
Top of the 7th over - 0 runs, 1 hit, 0 errors, 3 left on base; Minnesota 0 - Boston 1
BOTTOM OF THE 7TH
Boston Red Sox batting - Pitching for Minnesota Twins : LHP Jon Meger
Pitching: RHP Jeff Olguin
Now at SS: Nick White
Batting: LHB Chris Kautz 0-0: Foul Ball, location: 7LMF
0-1: Called Strike
0-2: Strikes out swinging
Batting: LHB Sergio Mejia 0-0: Ball
1-0: Ball
2-0: Called Strike
2-1: Foul Ball, location: 5F
2-2: SOLO HOME RUN (Flyball, 7D, EV 99.4 MPH), Distance : 394 ft
Batting: RHB Nate Campbell 0-0: Ground out 6-3 (Groundball, 6, EV 91.9 MPH)
Batting: LHB Justin Scappaticci 0-0: Called Strike
0-1: Ball
1-1: Foul Ball, location: 2F
1-2: Foul Ball, location: 2F
1-2: Ground out 4-3 (Groundball, 4, EV 85.6 MPH)
Bottom of the 7th over - 1 run, 1 hit, 0 errors, 0 left on base; Minnesota 0 - Boston 2
TOP OF THE 8TH
Minnesota Twins batting - Pitching for Boston Red Sox : RHP Francisco Quintanilla
Batting: RHB Rogelio Rivera 0-0: Ball
1-0: Swinging Strike
1-1: Hit by Pitch
Batting: SHB Jim Whitlock 0-0: Ball
1-0: Called Strike
1-1: Ball
2-1: Called Strike
2-2: Strikes out swinging
Batting: SHB William Maki 0-0: DOUBLE (Line Drive, 9LS, EV 103.1 MPH)
Rogelio Rivera to third
Runner from 3rd tries for Home, SAFE, throw by RF to home
Batting: RHB Bill Widby 0-0: Called Strike
0-1: Called Strike
0-2: Ball
1-2: Foul Ball, location: 25F
1-2: Ball
2-2: Foul Ball, location: 9LSF
2-2: Foul Ball, location: 7LSF
2-2: Foul Ball, location: 2F
2-2: Foul Ball, location: 2F
2-2: Strikes out looking
Pitching: LHP William Stuck
Pinch Hitting: RHB Joe Looby 0-0: Ball
1-0: Ball
Wild Pitch!
William Maki to third
2-0: Foul Ball, location: 2F
2-1: Ball
3-1: Base on Balls
Pinch Hitting: RHB Greg Schuler 0-0: Ball
1-0: Ball
2-0: Foul Ball, location: 7LSF
2-1: SINGLE (Groundball, 4D, EV 100.6 MPH)
William Maki scores
Joe Looby to second
Runner from 2nd tries for 3rd, SAFE, no throw by CF
Pinch Hitting: RHB Carlos Rodela 0-0: Ball
1-0: Foul Ball, location: 2F
1-1: Foul Ball, location: 2F
1-2: Strikes out swinging
Top of the 8th over - 2 runs, 2 hits, 0 errors, 2 left on base; Minnesota 2 - Boston 2
BOTTOM OF THE 8TH
Boston Red Sox batting - Pitching for Minnesota Twins : RHP Jeff Olguin
Pitching: RHP Jaden Moore
Now at 3B: Pablo Luna
Now in LF: Joe Looby
Now in RF: Greg Schuler
Batting: LHB Marquise Woods 0-0: Swinging Strike
0-1: SINGLE (Groundball, 6, EV 91.3 MPH) (infield hit)
Batting: SHB Tyler Den Hartog 0-0: Ground out 4-3 (Groundball, 34, EV 90.0 MPH)
Marquise Woods to second
Batting: LHB Michael Lindstrom 0-0: Called Strike
0-1: Ball
1-1: Foul Ball, location: 7LDF
1-2: Ground out 4-3 (Groundball, 4, EV 87.5 MPH)
Marquise Woods to third
Batting: RHB Joe Fowler 0-0: Called Strike
0-1: Ball
1-1: Swinging Strike
1-2: Ball
2-2: Foul Ball, location: 23FF
2-2: Foul Ball, location: 9LSF
2-2: DOUBLE (Line Drive, 78XD, EV 110.0 MPH)
Marquise Woods scores
Batting: SHB Alex Salazar 0-0: Ball
1-0: Ball
2-0: Called Strike
2-1: Called Strike
2-2: Strikes out swinging
Bottom of the 8th over - 1 run, 2 hits, 0 errors, 1 left on base; Minnesota 2 - Boston 3
TOP OF THE 9TH
Minnesota Twins batting - Pitching for Boston Red Sox : LHP William Stuck
Pitching: RHP Danny Urista
Now at 3B: Pieter Janssen
Batting: SHB Nick White 0-0: Swinging Strike
0-1: SINGLE (Groundball, 56S, EV 82.5 MPH) (infield hit)
Pinch Hitting: RHB Matt McElhose 0-0: Foul Ball, location: 2F
0-1: Ball
1-1: Ball
2-1: Swinging Strike
2-2: Strikes out looking
Batting: RHB Rogelio Rivera 0-0: Called Strike
0-1: Called Strike
0-2: Ball
1-2: Strikes out swinging
Batting: SHB Jim Whitlock 0-0: Called Strike
0-1: Fielders Choice at 2nd, 6-4 (Groundball, 56, EV 109.4 MPH)
Top of the 9th over - 0 runs, 1 hit, 0 errors, 1 left on base; Minnesota 2 - Boston 3
Sunday, April 14th , 2024 - OOTP Baseball 24.11 Build 85